 Dungeon Crawl Stone Soup version 0.26.1-10-gdfb7c7de75 (webtiles) character file.

Game seed: 3641279961147933001

29 Chiseanne the Magician (level 3, 24/24 HPs)
             Began as a Demonspawn Hedge Wizard on Apr 3, 2021.
             Quit the game on level 2 of the Dungeon.
             The game lasted 00:02:41 (1663 turns).

Chiseanne the Magician (Demonspawn Hedge Wizard)    Turns: 1663, Time: 00:02:41

Health: 24/24      AC:  4    Str: 10    XL:     3   Next: 1%
Magic:  8/8        EV: 12    Int: 16    God:
Gold:   39         SH:  0    Dex: 12    Spells: 6/9 levels left

rFire    + . .     SeeInvis .   a - +0 short sword
rCold    . . .     Faith    .   (no shield)
rNeg     . . .     Spirit   .   e - +2 robe {rF+}
rPois    .         Reflect  .   c - +0 hat
rElec    .         Harm     .   (no cloak)
rCorr    .         Rampage  .   (no gloves)
Will     .....                  (no boots)
Stlth    ++........             (no amulet)
HPRegen  0.08/turn              (no ring)
MPRegen  0.11/turn              (no ring)

@: no status effects
A: hooves 1, miasma immunity
a: no special abilities


You were on level 2 of the Dungeon.
You visited 1 branch of the dungeon, and saw 2 of its levels.

You collected 39 gold pieces.

Inventory:

Hand Weapons
 a - a +0 short sword (weapon)
 d - a +0 quarterstaff
 s - a cursed -2 mace
Missiles
 f - 70 stones
 h - 15 sling bullets
Armour
 c - a +0 hat (worn)
 e - a +2 robe of fire resistance (worn)
Scrolls
 b - a scroll of teleportation
 i - a scroll of remove curse
Potions
 g - a potion of invisibility {unknown}
 k - a potion of curing {unknown}


   Skills:
 - Level 1.7 Dodging
 - Level 1.7 Stealth
 * Level 3.5 Spellcasting
 * Level 2.2 Conjurations
 - Level 1.0 Summonings
 - Level 0.8 Translocations


You had 6 spell levels left.
You knew the following spells:

 Your Spells              Type           Power        Failure   Level
a - Magic Dart            Conj           36%          7%          1
b - Blink                 Tloc           N/A          19%         2

Your spell library contained the following spells:

 Spells                   Type           Power        Failure   Level
 Call Imp                 Summ           6%           19%         2
 Slow                     Hex            2%           26%         2
 Conjure Flame            Conj/Fire      6%           34%         3
 Gell's Gravitas          Tloc           2%           36%         3
 Mephitic Cloud           Conj/Pois/Air  5%           36%         3
 Confusing Touch          Hex            2%           47%         3
 Petrify                  Tmut/Erth      2%           87%         4
 Metabolic Englaciation   Hex/Ice        1%           99%         5
 Yara's Violent Unravell  Hex/Tmut       1%           99%         5


Dungeon Overview and Level Annotations

Branches:
Dungeon (2/15)

Altars:
Yredelemnul


Innate Abilities, Weirdness & Mutations

You have large cloven feet.
You are immune to miasma.


Message History

You barely miss the hobgoblin.
The hobgoblin is heavily wounded.
The hobgoblin hits you but does no damage.
You barely miss the hobgoblin.
The hobgoblin is heavily wounded.
The hobgoblin misses you.
You barely miss the hobgoblin.
The hobgoblin is heavily wounded.
The hobgoblin closely misses you.
You hit the hobgoblin.
The hobgoblin is almost dead.
The hobgoblin hits you with a +0 club.
You hit the hobgoblin.
You kill the hobgoblin!
You have reached level 3!
Your experience leads to an increase in your attributes!
Increase (s)trength, (i)ntelligence, or (d)exterity?
You feel clever.
Your demonic ancestry asserts itself...
Your feet thicken and deform.
Are you sure you want to abandon this character and quit the game? (Confirm with "yes".)

## ##### ##..♣♣♣♣♣..♣♣..## #.
...# #..#♣ ♣♣♣♣♣...# #.
###.###.## ♣...###
#.##.......# ♣♣....#
#......>...# ♣♣♣.#.#
#........#.#♣♣ ♣...#.#
#............♣ ♣♣..#.#
##......##.#.♣♣ ♣.♣.#.#
#......###...@♣ ♣....<#
#.#.........♣)....♣ ♣...###
####...##.#.##...♣.♣....#####
......## .#.##....... ..
......# .. ...).....# ......#
...##.......# #######
###.......# ## #.......# .#


There were no monsters in sight!

Vanquished Creatures
  A dart slug (D:1)
  3 bats
  2 giant cockroaches
  5 goblins
  3 hobgoblins
  2 jackals (D:1)
  3 kobolds (D:1)
  4 rats (D:1)
23 creatures vanquished.

Notes
Turn   | Place    | Note
-------+----------+-------------------------------------------
     0 | D:1      | Chiseanne the Demonspawn Hedge Wizard began the quest for
                  | the Orb.
     0 | D:1      | Reached XP level 1. HP: 13/13 MP: 4/4
   369 | D:1      | Gained mutation: You are immune to miasma. [demonic
                  | ancestry]
   369 | D:1      | Reached XP level 2. HP: 19/19 MP: 3/6
  1392 | D:2      | Learned a level 2 spell: Blink
  1418 | D:2      | Found a basalt altar of Yredelemnul.
  1574 | D:2      | Gained mutation: You have large cloven feet. [demonic
                  | ancestry]
  1574 | D:2      | Reached XP level 3. HP: 16/24 MP: 1/8
  1663 | D:2      | Quit the game

Illustrated notes

Levels and vault maps discovered:
D:1:      elethiomel_arrival_infinity_welcomes_careful_drivers, layout_basic
D:2:      layout_loops_cross, chequers_ecumenical_altar_grove,
          kennysheep_small_spiral, minmay_misc_feat_secret_circle,
          lemuel_altar_in_water

Skill      XL: |  1  2 |
---------------+-------+-----
Conjurations   | 2 |  2.2
Dodging        | |  1.7
Stealth        | |  1.7
Spellcasting   | |  3.5
Summonings     | |  1.0
Translocations | |  0.8

Action                   || total
-------------------------++-------
Melee: Dagger            ||     9
       Short sword       ||     6
 Cast: Magic Dart        ||    54
  Use: Scroll            ||     4
Armor: Robe              ||     3
Dodge: Dodged            ||     9
